TOP OF THE 1ST |
Louisiana State University Tigers batting - Pitching for University of Southern California Trojans : LHP Geoff Klaas
|
Pitching: LHP Geoff Klaas
|
|
Batting: RHB Scott Talbot
|
0-0: Swinging Strike 0-1: Swinging Strike 0-2: Foul Ball, location: 2F 0-2: Strikes out looking
|
Batting: LHB Lourens Aukema
|
0-0: Ball 1-0: Called Strike 1-1: Called Strike 1-2: Foul Ball, location: 2F 1-2: Strikes out swinging
|
Batting: RHB Fate Makeever
|
0-0: Called Strike 0-1: Ball 1-1: SINGLE (Line Drive, 7S, EV 98.1 MPH)
|
Batting: LHB Bob Govella
|
0-0: Foul Ball, location: 2F 0-1: Swinging Strike 0-2: Ball 1-2: Strikes out swinging
|
Top of the 1st over - 0 runs, 1 hit, 0 errors, 1 left on base; Louisiana State University 0 - University of Southern California 0 |
BOTTOM OF THE 1ST |
University of Southern California Trojans batting - Pitching for Louisiana State University Tigers : RHP David Lopez
|
Pitching: RHP David Lopez
|
|
Batting: RHB Joaquin Salazar
|
0-0: Swinging Strike 0-1: Bunt missed! 0-2: SINGLE (Line Drive, 89M, EV 105.6 MPH)
|
Batting: LHB Alex Chairez
|
0-0: Ball Joaquin Salazar steals 2nd base 1-0: Ground out U3 (Groundball, 3, EV 104.4 MPH) Joaquin Salazar to third
|
Batting: RHB Carlos Livas
|
0-0: Ground out 1-3 (Groundball, 15S, EV 66.9 MPH)
|
Batting: LHB Miguel Espinoza
|
0-0: Called Strike 0-1: Ball 1-1: Foul Ball, location: 2F 1-2: Foul Ball, location: 2F 1-2: SINGLE (Flyball, 78S, EV 98.8 MPH) Joaquin Salazar scores
|
Batting: RHB Jon Solis
|
0-0: Called Strike 0-1: Ball 1-1: Ball 2-1: Ball 3-1: SINGLE (Flyball, 89M, EV 90.6 MPH) Miguel Espinoza to second Runner from 2nd tries for 3rd, SAFE, throw by RF made to third Jon Solis to second
|
Batting: SHB Rodrigo Mendoza
|
0-0: Foul Ball, location: 2F 0-1: Ball 1-1: Ball 2-1: Foul Ball, location: 2F 2-2: Foul Ball, location: 2F 2-2: Ground out 4-3 (Groundball, 4, EV 103.1 MPH)
|
Bottom of the 1st over - 1 run, 3 hits, 0 errors, 2 left on base; Louisiana State University 0 - University of Southern California 1 |
TOP OF THE 2ND |
Louisiana State University Tigers batting - Pitching for University of Southern California Trojans : LHP Geoff Klaas
|
Batting: RHB Brad Adams Jr.
|
0-0: Ball 1-0: Fly out, F8 (Line Drive, 8RM, EV 110.6 MPH)
|
Batting: SHB Fernando Solano
|
0-0: Ball 1-0: Ball 2-0: Ball 3-0: Called Strike 3-1: Foul Ball, location: 2F 3-2: Fly out, F3 (Popup, 3, EV 68.8 MPH)
|
Batting: RHB Jwahir Pili
|
0-0: Called Strike 0-1: Ball 1-1: Swinging Strike 1-2: Fly out, F9 (Flyball, 9LS, EV 92.5 MPH)
|
Top of the 2nd over - 0 runs, 0 hits, 0 errors, 0 left on base; Louisiana State University 0 - University of Southern California 1 |
BOTTOM OF THE 2ND |
University of Southern California Trojans batting - Pitching for Louisiana State University Tigers : RHP David Lopez
|
Batting: RHB Arturo Galdamez
|
0-0: Foul Ball, location: 2F 0-1: Foul Ball, location: 2F 0-2: Strikes out swinging
|
Batting: RHB Paul Ngumi
|
0-0: Ball 1-0: Ball 2-0: Ball 3-0: Called Strike 3-1: Foul Ball, location: 2F 3-2: SINGLE (Groundball, 56D, EV 100.0 MPH)
|
Batting: RHB Albert Zaragoza
|
0-0: Swinging Strike 0-1: Swinging Strike 0-2: SINGLE (Groundball, P, EV 86.2 MPH) (infield hit) Paul Ngumi to second
|
Batting: RHB Joaquin Salazar
|
0-0: Foul Ball, location: 2F 0-1: Fly out, F7 (Flyball, 7LM, EV 86.9 MPH)
|
Batting: LHB Alex Chairez
|
0-0: Ball 1-0: Foul Ball, location: 2F 1-1: Ball 2-1: Ball 3-1: Base on Balls Paul Ngumi to third Albert Zaragoza to second
|
Batting: RHB Carlos Livas
|
0-0: Ground out 3-1 (Groundball, 34, EV 106.2 MPH)
|
Bottom of the 2nd over - 0 runs, 2 hits, 0 errors, 3 left on base; Louisiana State University 0 - University of Southern California 1 |
TOP OF THE 3RD |
Louisiana State University Tigers batting - Pitching for University of Southern California Trojans : LHP Geoff Klaas
|
Pitching: RHP Danny Lucero
|
|
Pinch Hitting: SHB Noah Long
|
0-0: Called Strike 0-1: Foul Ball, location: 2F 0-2: Strikes out swinging
|
Batting: RHB Fernando Membreno
|
0-0: Ball 1-0: Called Strike 1-1: SOLO HOME RUN (Flyball, 7LD, EV 95.0 MPH), Distance : 357 ft
|
Batting: RHB Scott Talbot
|
0-0: Swinging Strike 0-1: Ball 1-1: Ball 2-1: Ball 3-1: Base on Balls
|
Batting: LHB Lourens Aukema
|
0-0: Called Strike 0-1: Called Strike 0-2: Foul Ball, location: 2F 0-2: Foul Ball, location: 2F 0-2: Foul Ball, location: 2F 0-2: Reached on error, E1 (Groundball, 13S, EV 66.2 MPH) Scott Talbot to second
|
Batting: RHB Fate Makeever
|
0-0: Ball 1-0: Ball 2-0: Reached on error, E6 (Flyball, 6D, EV 96.2 MPH) Scott Talbot to third Lourens Aukema to second
|
Pinch Hitting: RHB Mike Larson
|
0-0: Called Strike 0-1: Ball 1-1: Swinging Strike 1-2: Ball 2-2: Strikes out swinging
|
Batting: RHB Brad Adams Jr.
|
0-0: Called Strike 0-1: Ball 1-1: Foul Ball, location: 2F 1-2: SINGLE (Flyball, 56D, EV 86.2 MPH) Scott Talbot scores Lourens Aukema to third Fate Makeever to second Runner from 3rd tries for Home, SAFE, throw by LF to home
|
Batting: SHB Fernando Solano
|
0-0: Swinging Strike 0-1: Ground out 4-3 (Groundball, 4D, EV 100.6 MPH)
|
Top of the 3rd over - 3 runs, 2 hits, 2 errors, 2 left on base; Louisiana State University 3 - University of Southern California 1 |
BOTTOM OF THE 3RD |
University of Southern California Trojans batting - Pitching for Louisiana State University Tigers : RHP David Lopez
|
Now in CF: Alberto Bravo
|
|
Now in RF: Dennis Cox
|
|
Batting: LHB Miguel Espinoza
|
0-0: Foul Ball, location: 2F 0-1: Swinging Strike 0-2: Ball 1-2: Ball 2-2: Ball 3-2: Strikes out swinging
|
Batting: RHB Jon Solis
|
0-0: Ball 1-0: Called Strike 1-1: Foul Ball, location: 2F 1-2: Ball 2-2: Foul Ball, location: 2F 2-2: Foul Ball, location: 2F 2-2: Foul Ball, location: 2F 2-2: Fly out, F8 (Flyball, 8RM, EV 94.4 MPH)
|
Batting: SHB Rodrigo Mendoza
|
0-0: Ball 1-0: Fly out, F9 (Line Drive, 9, EV 89.4 MPH)
|
Bottom of the 3rd over - 0 runs, 0 hits, 0 errors, 0 left on base; Louisiana State University 3 - University of Southern California 1 |
TOP OF THE 4TH |
Louisiana State University Tigers batting - Pitching for University of Southern California Trojans : RHP Danny Lucero
|
Batting: RHB Jwahir Pili
|
0-0: Ball 1-0: Foul Ball, location: 2F 1-1: Ball 2-1: Foul Ball, location: 2F 2-2: Ball 3-2: SINGLE (Line Drive, 7S, EV 95.6 MPH)
|
Pitching: LHP Rafael Lozano
|
|
Batting: RHB Alberto Bravo
|
0-0: Called Strike 0-1: Called Strike 0-2: SINGLE (Groundball, 56, EV 98.1 MPH) (infield hit) Jwahir Pili to second
|
Batting: RHB Fernando Membreno
|
0-0: Called Strike 0-1: Ball 1-1: Foul Ball, location: 2F 1-2: Ball 2-2: Strikes out swinging
|
Batting: RHB Scott Talbot
|
0-0: Called Strike 0-1: Foul Ball, location: 2F 0-2: Ball 1-2: Foul Ball, location: 2F 1-2: Fly out, F9 (Flyball, 9, EV 91.9 MPH)
|
Batting: LHB Lourens Aukema
|
0-0: Called Strike 0-1: Called Strike 0-2: Strikes out swinging
|
Top of the 4th over - 0 runs, 2 hits, 0 errors, 2 left on base; Louisiana State University 3 - University of Southern California 1 |
BOTTOM OF THE 4TH |
University of Southern California Trojans batting - Pitching for Louisiana State University Tigers : RHP David Lopez
|
Batting: RHB Arturo Galdamez
|
0-0: Fly out, F9 (Flyball, 9D, EV 91.2 MPH)
|
Batting: RHB Paul Ngumi
|
0-0: Ball 1-0: Ball 2-0: Foul Ball, location: 2F 2-1: Foul Ball, location: 2F 2-2: Ball 3-2: Foul Ball, location: 2F 3-2: Ground out 1-3 (Groundball, 15S, EV 70.0 MPH)
|
Batting: RHB Albert Zaragoza
|
0-0: Called Strike 0-1: Ground out 5-3 (Groundball, 56S, EV 85.0 MPH)
|
Bottom of the 4th over - 0 runs, 0 hits, 0 errors, 0 left on base; Louisiana State University 3 - University of Southern California 1 |
TOP OF THE 5TH |
Louisiana State University Tigers batting - Pitching for University of Southern California Trojans : LHP Rafael Lozano
|
Batting: RHB Fate Makeever
|
0-0: Ball 1-0: Foul Ball, location: 2F 1-1: Ball 2-1: SINGLE (Groundball, 6M, EV 104.4 MPH) (infield hit)
|
Batting: RHB Dennis Cox
|
0-0: Ball 1-0: Ball 2-0: SINGLE (Groundball, 25, EV 65.6 MPH) (infield hit) Fate Makeever to second
|
Batting: RHB Brad Adams Jr.
|
0-0: Ball 1-0: Fielders Choice at 2nd, 4-6 (Groundball, 34D, EV 87.5 MPH) Fate Makeever to third
|
Batting: SHB Fernando Solano
|
0-0: SINGLE (Line Drive, 4MD, EV 104.4 MPH) Fate Makeever scores Brad Adams Jr. to second
|
Batting: RHB Jwahir Pili
|
0-0: Swinging Strike 0-1: Foul Ball, location: 2F 0-2: Strikes out swinging
|
Batting: RHB Alberto Bravo
|
0-0: Called Strike 0-1: Ball 1-1: Fielders Choice at 2nd, 5-4 (Groundball, 5L, EV 104.4 MPH)
|
Top of the 5th over - 1 run, 3 hits, 0 errors, 2 left on base; Louisiana State University 4 - University of Southern California 1 |
BOTTOM OF THE 5TH |
University of Southern California Trojans batting - Pitching for Louisiana State University Tigers : RHP David Lopez
|
Batting: RHB Joaquin Salazar
|
0-0: Ball 1-0: Fly out, F9 (Flyball, 9, EV 95.6 MPH)
|
Batting: LHB Alex Chairez
|
0-0: Called Strike 0-1: Ball 1-1: Ball 2-1: Ground out U3 (Groundball, 3L, EV 103.8 MPH)
|
Batting: RHB Carlos Livas
|
0-0: Ball 1-0: Called Strike 1-1: Swinging Strike 1-2: Foul Ball, location: 2F 1-2: Foul Ball, location: 2F 1-2: Foul Ball, location: 2F 1-2: Ground out 6-3 (Groundball, 56, EV 101.9 MPH)
|
Bottom of the 5th over - 0 runs, 0 hits, 0 errors, 0 left on base; Louisiana State University 4 - University of Southern California 1 |
TOP OF THE 6TH |
Louisiana State University Tigers batting - Pitching for University of Southern California Trojans : LHP Rafael Lozano
|
Batting: RHB Fernando Membreno
|
0-0: Ball 1-0: Ball 2-0: Called Strike 2-1: Foul Ball, location: 2F 2-2: Ball 3-2: Foul Ball, location: 2F 3-2: Strikes out swinging
|
Batting: RHB Scott Talbot
|
0-0: Swinging Strike 0-1: Called Strike 0-2: Ball 1-2: Strikes out swinging
|
Batting: LHB Lourens Aukema
|
0-0: SOLO HOME RUN (Flyball, 9D, EV 100.0 MPH), Distance : 381 ft
|
Pitching: LHP Logan Stewart
|
|
Batting: RHB Fate Makeever
|
0-0: Ground out 6-3 (Groundball, 6S, EV 81.2 MPH)
|
Top of the 6th over - 1 run, 1 hit, 0 errors, 0 left on base; Louisiana State University 5 - University of Southern California 1 |
BOTTOM OF THE 6TH |
University of Southern California Trojans batting - Pitching for Louisiana State University Tigers : RHP David Lopez
|
Pitching: LHP Carlos Munoz
|
|
Batting: LHB Miguel Espinoza
|
0-0: Foul Ball, location: 2F 0-1: Called Strike 0-2: Ball 1-2: Ball 2-2: Strikes out looking
|
Batting: RHB Jon Solis
|
0-0: Ball 1-0: Called Strike 1-1: Ball 2-1: Foul Ball, location: 2F 2-2: Ball 3-2: Strikes out swinging
|
Batting: SHB Rodrigo Mendoza
|
0-0: Ball 1-0: Swinging Strike 1-1: Ball 2-1: Called Strike 2-2: Strikes out swinging
|
Bottom of the 6th over - 0 runs, 0 hits, 0 errors, 0 left on base; Louisiana State University 5 - University of Southern California 1 |
TOP OF THE 7TH |
Louisiana State University Tigers batting - Pitching for University of Southern California Trojans : LHP Logan Stewart
|
Batting: RHB Dennis Cox
|
0-0: Swinging Strike 0-1: SINGLE (Groundball, 4MD, EV 106.9 MPH)
|
Batting: RHB Brad Adams Jr.
|
0-0: Ball 1-0: SINGLE (Groundball, 4MD, EV 102.5 MPH) Dennis Cox to second
|
Batting: SHB Fernando Solano
|
0-0: Bunt missed! 0-1: Bunted foul 0-2: Ball 1-2: Ball 2-2: Ball 3-2: Base on Balls Dennis Cox to third Brad Adams Jr. to second
|
Batting: RHB Jwahir Pili
|
0-0: Ball 1-0: Fly out, F4 (Popup, 4M, EV 56.9 MPH)
|
Batting: RHB Alberto Bravo
|
0-0: Fielders Choice at 2nd, 5-4 (Groundball, 25, EV 80.6 MPH) Dennis Cox scores Brad Adams Jr. to third
|
Batting: RHB Fernando Membreno
|
0-0: Ball 1-0: Swinging Strike 1-1: Reached on error, E5 (Groundball, 56, EV 77.5 MPH) Brad Adams Jr. scores Alberto Bravo to second
|
Batting: RHB Scott Talbot
|
0-0: TRIPLE (Line Drive, 78XD, EV 96.9 MPH) Alberto Bravo scores Fernando Membreno scores
|
Batting: LHB Lourens Aukema
|
0-0: Called Strike 0-1: Ball 1-1: SINGLE (Flyball, 6D, EV 91.2 MPH) Scott Talbot scores
|
Pitching: RHP Eddie Magallanes
|
|
Batting: RHB Fate Makeever
|
0-0: Called Strike 0-1: Foul Ball, location: 2F 0-2: Foul Ball, location: 2F 0-2: Strikes out swinging
|
Top of the 7th over - 5 runs, 4 hits, 1 error, 1 left on base; Louisiana State University 10 - University of Southern California 1 |
BOTTOM OF THE 7TH |
University of Southern California Trojans batting - Pitching for Louisiana State University Tigers : LHP Carlos Munoz
|
Pinch Hitting: RHB Akira Ishihara
|
0-0: Called Strike 0-1: Ball 1-1: Called Strike 1-2: Strikes out swinging, 2-3 out at first.
|
Batting: RHB Paul Ngumi
|
0-0: Ball 1-0: Called Strike 1-1: DOUBLE (Groundball, 5L, EV 96.2 MPH)
|
Batting: RHB Albert Zaragoza
|
0-0: Ball 1-0: Ball 2-0: Fly out, F9 (Flyball, 89S, EV 85.6 MPH)
|
Batting: RHB Joaquin Salazar
|
0-0: Called Strike 0-1: Swinging Strike 0-2: Ball 1-2: Foul Ball, location: 2F 1-2: Strikes out swinging
|
Bottom of the 7th over - 0 runs, 1 hit, 0 errors, 1 left on base; Louisiana State University 10 - University of Southern California 1 |
TOP OF THE 8TH |
Louisiana State University Tigers batting - Pitching for University of Southern California Trojans : RHP Eddie Magallanes
|
Now in LF: Kien-lung Zou
|
|
Pinch Hitting: RHB Richard Saquic
|
0-0: Foul Ball, location: 2F 0-1: Called Strike 0-2: Fly out, F7 (Line Drive, 7D, EV 90.6 MPH)
|
Pinch Hitting: RHB Alfredo Padilla
|
0-0: Called Strike 0-1: Foul Ball, location: 2F 0-2: Foul Ball, location: 2F 0-2: Foul Ball, location: 2F 0-2: Ball 1-2: Strikes out swinging
|
Batting: SHB Fernando Solano
|
0-0: Foul Ball, location: 2F 0-1: Ball 1-1: Fly out, F4 (Popup, 4D, EV 43.1 MPH)
|
Top of the 8th over - 0 runs, 0 hits, 0 errors, 0 left on base; Louisiana State University 10 - University of Southern California 1 |
BOTTOM OF THE 8TH |
University of Southern California Trojans batting - Pitching for Louisiana State University Tigers : LHP Carlos Munoz
|
Now at 1B: Franklin van den Berg
|
|
Now in RF: Bill Crogan
|
|
Batting: LHB Alex Chairez
|
0-0: Foul Ball, location: 2F 0-1: Ball 1-1: Ground out 5-3 (Groundball, 5L, EV 76.9 MPH)
|
Batting: RHB Carlos Livas
|
0-0: SINGLE (Groundball, 4, EV 98.1 MPH)
|
Batting: RHB Carlos Gonzalez
|
0-0: Ball 1-0: Fly out, F7 (Flyball, 7, EV 88.1 MPH)
|
Batting: RHB Jon Solis
|
0-0: SINGLE (Groundball, 34D, EV 106.2 MPH) Carlos Livas to second
|
Batting: SHB Rodrigo Mendoza
|
0-0: SINGLE (Groundball, 5D, EV 109.4 MPH) Carlos Livas to third Jon Solis to second Runner from 3rd tries for Home, SAFE, throw by LF to home
|
Pinch Hitting: LHB Nick Martin
|
0-0: Ball 1-0: Called Strike 1-1: Ball 2-1: Ball 3-1: Swinging Strike 3-2: SINGLE (Groundball, 56S, EV 63.1 MPH) (infield hit) Jon Solis to third Rodrigo Mendoza to second
|
Batting: RHB Paul Ngumi
|
0-0: Called Strike 0-1: Swinging Strike 0-2: Strikes out swinging
|
Bottom of the 8th over - 1 run, 4 hits, 0 errors, 3 left on base; Louisiana State University 10 - University of Southern California 2 |
TOP OF THE 9TH |
Louisiana State University Tigers batting - Pitching for University of Southern California Trojans : RHP Eddie Magallanes
|
Pitching: RHP Dave Vandehey
|
|
Now in LF: Jon Solis
|
|
Now in RF: Nick Martin
|
|
Batting: RHB Jwahir Pili
|
0-0: Ball 1-0: Ball 2-0: Ball 3-0: Foul Ball, location: 2F 3-1: Called Strike 3-2: Strikes out swinging
|
Batting: RHB Alberto Bravo
|
0-0: Foul Ball, location: 2F 0-1: Ball 1-1: Called Strike 1-2: Ball 2-2: SINGLE (Line Drive, 8RS, EV 95.0 MPH)
|
Batting: RHB Fernando Membreno
|
0-0: Called Strike 0-1: Swinging Strike 0-2: Strikes out looking
|
Batting: RHB Scott Talbot
|
0-0: Ball 1-0: Fly out, F9 (Flyball, 9LS, EV 90.0 MPH)
|
Top of the 9th over - 0 runs, 1 hit, 0 errors, 1 left on base; Louisiana State University 10 - University of Southern California 2 |
BOTTOM OF THE 9TH |
University of Southern California Trojans batting - Pitching for Louisiana State University Tigers : LHP Carlos Munoz
|
Pitching: LHP Ricardo de la Torre
|
|
Pinch Hitting: RHB Jimmy McIntosh
|
0-0: Foul Ball, location: 2LF, Error on foul ball, E2 0-1: Ball 1-1: Ball 2-1: Ball 3-1: Base on Balls
|
Pinch Hitting: LHB Armando Arellano
|
0-0: Swinging Strike 0-1: Called Strike 0-2: Ball 1-2: Fielders Choice at 2nd, 4-6 (Groundball, 4, EV 91.9 MPH)
|
Pinch Hitting: LHB Beau Aderson
|
0-0: Ball 1-0: Foul Ball, location: 2F 1-1: Foul Ball, location: 2F 1-2: Strikes out swinging
|
Pinch Hitting: RHB Kirk Cully
|
0-0: Ball 1-0: Called Strike 1-1: Called Strike 1-2: Ball Wild Pitch! Armando Arellano to second 2-2: Foul Ball, location: 2F 2-2: Strikes out swinging
|
Bottom of the 9th over - 0 runs, 0 hits, 1 error, 1 left on base; Louisiana State University 10 - University of Southern California 2 |
|